 Dungeon Crawl Stone Soup version 0.28-a0-1638-g9123634e07 (webtiles) character file.

Game seed: 11517665451865305768

628 HallandMoats the Skirmisher (level 7, 0/60 HPs)
             Began as a Ghoul Fighter on Jan 25, 2022.
             Was a Follower of Okawaru.
             Slain by a hornet (10 damage)
             ... on level 5 of the Dungeon.
             The game lasted 00:05:19 (3970 turns).

HallandMoats the Skirmisher (Ghoul Fighter)         Turns: 3970, Time: 00:05:20

Health: 0/60       AC: 11    Str: 20    XL:     7   Next: 48%
Magic:  6/8        EV: 13    Int:  5    God:    Okawaru [*.....]
Gold:   260        SH:  6    Dex: 16    Spells: 6/6 levels left

rFire   . . .      SeeInvis .   m - +7 short sword "Hiebb" {vorpal, Dex+2}
rCold   + . .      Faith    .   b - +0 buckler
rNeg    + + +      Spirit   .   a - +0 scale mail
rPois   ∞          Reflect  .   y - +0 helmet
rElec   .          Harm     .   (no cloak)
rCorr   .          Rampage  .   w - +0 pair of gloves
Will    .....                   (no boots)
Stlth   ++........              (no amulet)
HPRegen 0.00/turn               i - +6 ring of dexterity
MPRegen 0.11/turn               (no ring)

@: heroic, inhibited regen
A: claws 1, cold resistance 1, negative energy resistance 3, inhibited
regeneration, torment resistance 2
a: Renounce Religion, Heroism


You were on level 5 of the Dungeon.
You worshipped Okawaru.
Okawaru was aware of your devotion.
You visited 1 branch of the dungeon, and saw 5 of its levels.
You also visited: Sewer.

You collected 260 gold pieces.

Inventory:

Hand Weapons
 k - a +0 hand axe of freezing
 m - the +7 short sword "Hiebb" (weapon) {vorpal, Dex+2}
   (You found it on level 3 of the Dungeon)

   It inflicts extra damage upon your enemies.
   Dex:       It affects your dexterity (+2).
Armour
 a - a +0 scale mail (worn)
 b - a +0 buckler (worn)
 w - a +0 pair of gloves (worn)
 y - a +0 helmet (worn)
Jewellery
 i - a +6 ring of dexterity (left hand)
Scrolls
 d - a scroll of summoning {unknown}
 h - a scroll of magic mapping {unknown}
 n - a scroll of fog {unknown}
 o - 2 scrolls of identify {unknown}
 p - a scroll of teleportation {unknown}
 q - a scroll of blinking {unknown}
 r - 3 scrolls of enchant armour {unknown}
Potions
 c - a potion of might
 e - a potion of resistance {unknown}
 f - 2 potions of curing
 g - 2 potions of cancellation {unknown}
 j - a potion of ambrosia {unknown}
 l - a potion of lignification {unknown}
 s - 3 potions of haste {unknown}
 t - 2 potions of heal wounds {unknown}
 u - 3 potions of flight
 v - a potion of berserk rage {unknown}
 x - a potion of invisibility {unknown}


   Skills:
 + Level 4.6(9.6) Fighting
 + Level 1.4(6.4) Short Blades
 * Level 2.8(7.8) Axes
 + Level 3.6(8.6) Armour
 + Level 2.1(7.1) Dodging
 + Level 3.7(8.7) Shields
 - Level 3.2(8.2) Unarmed Combat
 + Level 2.8 Invocations


You had 6 spell levels left.
You didn't know any spells.
Your spell library contained the following spells:

 Spells                   Type           Power      Damage    Failure   Level
 Portal Projectile        Hex/Tloc       0%         N/A       99%         3
 Excruciating Wounds      Necr           0%         N/A       100%        5
 Blade Hands              Tmut           Unusable   N/A       N/A         5

Dungeon Overview and Level Annotations

Branches:
Dungeon (5/15)              Sewer (visited)
 Temple: D:4-7

Altars:
Makhleb
Okawaru
Xom
The Shining One

Shops:
D:3 :


Innate Abilities, Weirdness & Mutations

You thrive by killing the living.
You are immune to poison.
You have sharp fingernails.
Your flesh is cold resistant. (rC+)
You are immune to negative energy. (rN+++)
You do not regenerate when monsters are visible.
You are immune to unholy pain and torment.


Message History

The hornet is lightly wounded.
The hornet stings you but does no damage.
The hornet barely misses you.
You hit the hornet.
The hornet is moderately wounded.
The hornet barely misses you. The hornet closely misses you.
You barely miss the hornet.
The hornet is moderately wounded.
The hornet stings you!
You hit the hornet.
The hornet is moderately wounded.
You block the hornet's attack. The hornet barely misses you.
You miss the hornet.
The hornet is moderately wounded.
The hornet completely misses you.
You hit the hornet.
The hornet is heavily wounded.
The hornet stings you but does no damage.
The hornet stings you!
You are too injured to fight recklessly!
You are too injured to fight recklessly!
You are too injured to fight recklessly!
You gain the combat prowess of a mighty hero.
The hornet stings you! You block the hornet's attack.
You barely miss the hornet.
The hornet is heavily wounded.
The hornet stings you.
* * * LOW HITPOINT WARNING * * *
You hit the hornet.
The hornet is almost dead.
The hornet stings you but does no damage.
You hit the hornet but do no damage.
The hornet is almost dead.
The hornet barely misses you.
You miss the hornet.
The hornet is almost dead.
The hornet stings you!
* * * LOW HITPOINT WARNING * * *
The hornet stings you!
You die...

#. #..# .. #..# ..
#..# ###.##..# ..
#.##.......## ..#
#.#.........+ ..#
#.#..#..#y#.# ..#
#.....#.#@#.# ..#
#.....#...#.# ..#
#.....##..#.#
..######.....##..#.###
..'......†...##.>....#
..#######....#####.#.#
..'.....+....####..#.#
..#######....'.....#.#
..# #....####..#.#


You could see a hornet.

Vanquished Creatures
  A black bear (D:4)
  2 ogres
  A hound (D:4)
  An orc priest (D:4)
  Natasha (D:4)
  An iguana (D:5)
  A hound skeleton (D:4)
  Robin (D:4)
  9 adders
  2 river rats (Sewer)
  An adder skeleton (D:4)
  3 worms
  3 dart slugs
  5 orcs (D:4)
  8 ball pythons
  9 bats
  3 endoplasms
  11 giant cockroaches
  9 hobgoblins
  11 jackals (D:1)
  6 quokkas
  3 frilled lizards
  18 goblins
  3 kobolds
113 creatures vanquished.

Notes
Turn   | Place    | Note
-------+----------+-------------------------------------------
     0 | D:1      | HallandMoats the Ghoul Fighter began the quest for the Orb.
     0 | D:1      | Reached XP level 1. HP: 19/19 MP: 0/0
   208 | D:1      | Reached XP level 2. HP: 19/26 MP: 1/1
   429 | D:1      | Reached XP level 3. HP: 33/33 MP: 2/2
   938 | D:2      | Found an iron altar of Okawaru.
   956 | D:2      | Became a worshipper of Warmaster Okawaru
   969 | D:2      | Reached skill level 1 in Invocations
  1148 | D:2      | Found a faded altar of an unknown god.
  1173 | D:2      | Reached XP level 4. HP: 39/40 MP: 3/3
  1558 | D:3      | Found Yxisamp's Book Boutique.
  1579 | D:3      | Identified the +7 short sword "Hiebb" {vorpal, Dex+2}
  1670 | D:3      | Noticed an ogre
  1676 | D:3      | Killed an ogre
  1676 | D:3      | Reached * piety under Okawaru
  1677 | D:3      | Reached skill level 4 in Fighting
  1677 | D:3      | Reached skill level 1 in Axes
  1677 | D:3      | Reached skill level 1 in Dodging
  1677 | D:3      | Reached XP level 5. HP: 4/46 MP: 3/5
  2119 | D:3      | Found a glowing drain.
  2131 | Sewer    | Entered a sewer
  2415 | Sewer    | Reached XP level 6. HP: 51/52 MP: 6/6
  3534 | D:4      | Reached skill level 1 in Short Blades
  3592 | D:4      | Noticed a black bear
  3601 | D:4      | Killed a black bear
  3602 | D:4      | Reached XP level 7. HP: 48/60 MP: 7/7
  3696 | D:4      | Found a burning altar of Makhleb.
  3760 | D:4      | Noticed Natasha
  3770 | D:4      | Killed Natasha
  3793 | D:4      | Found a shimmering altar of Xom.
  3794 | D:4      | Noticed Robin
  3832 | D:4      | Killed Robin
  3892 | D:5      | Entered Level 5 of the Dungeon
  3954 | D:5      | Noticed a hornet
  3970 | D:5      | Slain by a hornet

Illustrated notes

Levels and vault maps discovered:
D:1:      psy_arrival_spokes, layout_basic, minmay_misc_feat_hallway
D:2:      layout_rooms, ebering_ecumenical_altar_webs, basic_altar,
          solitary_fountain
D:3:      layout_basic, serial_shops, nicolae_square_shop, portal_sewer_entry_d
D:4:      layout_rooms, lemuel_round_altar, mainiacjoe_overflow_catch_the_wave,
          uniq_robin, uniq_natasha
D:5:      layout_basic, feat_on_display, uniq_duvessa

Skill      XL: |  1  2  3  4  5  6  7 |
---------------+----------------------+-----
Unarmed Combat | 3 |  3.2
Invocations    | 1 2 |  2.8
Armour         | 3 |  3.6
Fighting       | 4 |  4.6
Axes           | 1 2 |  2.8
Dodging        | 1 2 |  2.1
Shields        | 3 |  3.7
Short Blades   | 1 |  1.4

Action                   |  1- 3 |  4- 6 |  7- 9 || total
-------------------------+-------+-------+-------++-------
Melee: Unarmed           |   118 |    27 |       ||   145
       Short sword       |       |   121 |    73 ||   194
       Hand axe          |       |     1 |       ||     1
Invok: Heroism           |       |       |     1 ||     1
  Use: Potion            |       |     4 |       ||     4
Armor: Scale mail        |    70 |    80 |    32 ||   182
Dodge: Dodged            |    63 |    74 |    33 ||   170
Block: Buckler           |    29 |    39 |    19 ||    87

Table legend: (Time is in decaauts)
 A = Elapsed time spent in this place.
 B = Non-inter-level travel time spent in this place.
 C = Inter-level travel time spent in this place.
 D = Time resting spent in this place.
 E = Time spent auto-exploring this place.
 F = Levels seen in this place.
 G = Mean time per level.
                   A        B        C        D        E       F      G
               +--------+--------+--------+--------+--------+-----+--------+
         Total |   4192 |   4077 |    115 |      0 |   3033 |   6 |  698.7 |
       Dungeon |   3152 |   3037 |    115 |      0 |   2437 |   5 |  630.4 |
         Sewer |   1040 |   1040 |      0 |      0 |    596 |   1 | 1040.0 |
               +--------+--------+--------+--------+--------+-----+--------+

Top non-repeatable levels by time:
   Sewer: 1040 daAuts
     D:1: 947 daAuts
     D:3: 913 daAuts
     D:4: 629 daAuts
     D:2: 584 daAuts
     D:5: 78 daAuts
